 Dungeon Crawl Stone Soup version 0.27.1-2-g3b301248ec (webtiles) character file.

Game seed: 1271140054800464013

71 pkoi the Shield-Bearer (level 4, -2/40 HPs)
             Began as a Minotaur Fighter on Sept 27, 2021.
             Slain by Ijyb (6 damage)
             ... on level 3 of the Dungeon.
             The game lasted 00:01:43 (1929 turns).

pkoi the Shield-Bearer (Minotaur Fighter)           Turns: 1929, Time: 00:01:43

Health: -2/40      AC:  9    Str: 22    XL:     4   Next: 5%
Magic:  3/3        EV:  5    Int:  5    God:
Gold:   47         SH:  9    Dex:  9    Spells: 3/3 levels left

rFire    . . .     SeeInvis .   a - +0 flail
rCold    . . .     Faith    .   c - +0 kite shield
rNeg     . . .     Spirit   .   f - +0 chain mail
rPois    .         Reflect  .   (helmet restricted)
rElec    .         Harm     .   (no cloak)
rCorr    .         Rampage  .   (no gloves)
Will     .....                  (no boots)
Stlth    ..........             g - amulet of the acrobat
HPRegen  0.13/turn              (no ring)
MPRegen  0.08/turn              (no ring)

@: no status effects
A: horns 2, retaliatory headbutt
a: no special abilities


You were on level 3 of the Dungeon.
You visited 1 branch of the dungeon, and saw 3 of its levels.

You collected 47 gold pieces.

Inventory:

Hand Weapons
 a - a +0 flail (weapon)
Missiles
 i - 11 poisoned darts (quivered)
Armour
 c - a +0 kite shield (worn)
 f - a +0 chain mail (worn)
Jewellery
 g - an amulet of the acrobat (around neck)
Scrolls
 b - a scroll of enchant weapon {unknown}
 e - a scroll of identify
 h - a scroll of teleportation {unknown}
Potions
 d - a potion of might


   Skills:
 + Level 4.2 Fighting
 * Level 3.8 Maces & Flails
 + Level 4.2 Armour
 + Level 4.2 Shields


You had 3 spell levels left.
You didn't know any spells.
Your spell library contained the following spells:

 Spells                   Type           Power      Damage    Failure   Level
 Cause Fear               Hex            0%         N/A       100%        4
 Dragon Form              Tmut           0%         N/A       100%        7
 Dragon's Call            Summ           0%         N/A       100%        9


Dungeon Overview and Level Annotations

Branches:
Dungeon (3/15)

Altars:

Annotations:
D:3 Ijyb


Innate Abilities, Weirdness & Mutations

You have a pair of horns on your head.
You reflexively headbutt those who attack you in melee.


Message History

You block the adder's attack.
You barely miss the adder. You block the adder's attack. x2
You miss the adder. Your headbutt misses the adder.
You block the adder's attack. The adder bites you but does no damage.
You closely miss the adder. Your headbutt misses the adder.
The adder bites you. x2
You closely miss the adder.
The adder bites you but does no damage. x2
You hit the adder but do no damage. You block the adder's attack. x2
You hit the adder.
The adder is moderately wounded.
You block the adder's attack.
You completely miss the adder. Your headbutt misses the adder.
The adder is moderately wounded.
The adder bites you but does no damage. x2
You hit the adder. Your headbutt misses the adder.
The adder is severely wounded.
The adder bites you but does no damage. The adder completely misses you.
You thump the adder!
You kill the adder!
Ijyb zaps a wand.
The puff of flame hits you!
You have reached level 4!
You feel stronger.
You barely miss Ijyb. Ijyb hits you with a +0 club.
You sock Ijyb!
Ijyb is moderately wounded.
Ijyb zaps a wand.
The puff of flame hits you!
* * * LOW HITPOINT WARNING * * *
You sock Ijyb!
Ijyb is severely wounded.
Ijyb hits you with a +0 club.
* * * LOW HITPOINT WARNING * * *
You block Ijyb's attack.
You hit Ijyb but do no damage. Your headbutt misses Ijyb.
Ijyb is severely wounded.
Ijyb zaps a wand.
The puff of flame hits you!
* * * LOW HITPOINT WARNING * * *
You barely miss Ijyb. Your headbutt misses Ijyb.
Ijyb is severely wounded.
You block Ijyb's attack. Ijyb hits you with a +0 club.
You die...

#........## #.....
#.###.#...####......
#........+......
#.#...####......
#....## ##.....
####..## ##.... #
#.....# #.###
#.#.##..# ○..
#..@....# ..
###g##..# #.##.....
#.###.### #.# .# #.#
.# #.. ###


You could see Ijyb.

Vanquished Creatures
  2 adders
  2 dart slugs (D:1)
  11 ball pythons
  A bat (D:1)
  7 endoplasms
  2 giant cockroaches
  6 goblins
  2 hobgoblins
  7 kobolds
  A quokka (D:3)
  2 frilled lizards
  3 rats
46 creatures vanquished.

Notes
Turn   | Place    | Note
-------+----------+-------------------------------------------
     0 | D:1      | pkoi the Minotaur Fighter began the quest for the Orb.
     0 | D:1      | Reached XP level 1. HP: 19/19 MP: 0/0
   106 | D:1      | Reached XP level 2. HP: 27/27 MP: 1/1
   179 | D:1      | Found a faded altar of an unknown god.
   943 | D:1      | Reached XP level 3. HP: 30/33 MP: 2/2
  1913 | D:3      | Noticed Ijyb
  1925 | D:3      | Reached XP level 4. HP: 26/40 MP: 3/3
  1929 | D:3      | Slain by Ijyb

Illustrated notes

Levels and vault maps discovered:
D:1:      scummos_arrival_checkerplants, layout_basic,
          shapermc_ecumenical_altar_petra
D:2:      layout_basic
D:3:      layout_loops_corners, nicolae_dithmenos_the_darkroom,
          mainiacjoe_overflow_alcove_2, grunt_qazlal_clouds,
          minmay_misc_feat_cross, solitary_fountain, uniq_ijyb

Skill      XL: |  1  2  3 |
---------------+----------+-----
Maces & Flails | 3 |  3.8
Fighting       | 4 |  4.2
Armour         | 4 |  4.2
Shields        | 4 |  4.2

Action                   |  1- 3 |  4- 6 || total
-------------------------+-------+-------++-------
Melee: Flail             |   121 |     5 ||   126
       Headbutt          |    10 |       ||    10
  Use: Scroll            |     1 |       ||     1
Armor: Scale mail        |    24 |       ||    24
       Chain mail        |    47 |       ||    47
Dodge: Dodged            |    39 |       ||    39
Block: Kite shield       |    81 |     2 ||    83
